 Dungeon Crawl Stone Soup version 0.24-a0-464-g6b2be6b (webtiles) character file.

Game seed: 7139681343184251192

133074 Astral24 the Severer (level 16, -2/151 HPs)
             Began as a Minotaur Berserker on July 2, 2019.
             Was the Champion of Trog.
             Slain by a faun
             ... wielding a +0 quarterstaff
             ... led by a satyr
              (4 damage)
             ... on level 3 of the Shoals.
             The game lasted 02:13:33 (23830 turns).

Astral24 the Severer (Minotaur Berserker)          Turns: 23830, Time: 02:13:34

Health: -2/151     AC: 28    Str: 27    XL:     16   Next: 59%
Magic:  0/15       EV:  8    Int:  4    God:    Trog [******]
Gold:   1857       SH: 12    Dex: 13    Spells: 15/15 levels left

rFire    + + .     SeeInvis .   a - +4 war axe of Dosesch {speed, +Fly rC+ Int-4 Dex+2}
rCold    + . .     Gourm    .   D - +2 buckler {rF+}
rNeg     + . .     Faith    .   U - +0 crystal plate armour of Wek Vyix {rCorr}
rPois    .         Spirit   +   (helmet restricted)
rElec    +         Reflect  +   V - scarf {Spirit}
rCorr    +         Harm     .   o - -2 pair of gloves of Classification {rElec Regen+ rCorr Dex-5}
MR       +....                  y - +2 pair of boots of the Assassin {Detection Stab+ Stlth++}
Stlth    ..........             T - +3 amulet of reflection
HPRegen  0.75/turn              e - ring "Irruint" {Int+4 Stlth+}
MPRegen  0.14/turn              F - ring "Oloywiq" {rElec rF+ rN+ Dex+4 Slay+2}

@: slowed, glowing, very slow
A: retaliatory headbutt, horns 2
a: Berserk, Trog's Hand, Brothers in Arms, Renounce Religion, Evoke Flight


You were on level 3 of the Shoals.
You worshipped Trog.
Trog was exalted by your worship.
You were not hungry.

You visited 5 branches of the dungeon, and saw 27 of its levels.
You also visited: Trove.

You collected 2059 gold pieces.
You spent 202 gold pieces at shops.

Inventory:

Hand Weapons
 a - the +4 war axe of Dosesch (weapon) {speed, +Fly rC+ Int-4 Dex+2}
   (You found it on level 3 of the Lair of Beasts)

   Attacks with this weapon are significantly faster.
   It affects your intelligence (-4).
   It affects your dexterity (+2).
   It protects you from cold.
   It lets you fly.
 b - the +7 hunting sling "Itsiboph" {flame, Int+3}
   (Trog gifted it to you on level 11 of the Dungeon)

   It causes projectiles fired from it to burn those they strike, causing extra
   injury to most foes and up to half again as much damage against particularly
   susceptible opponents.
   It affects your intelligence (+3).
Missiles
 A - 15 javelins (quivered)
 B - 169 sling bullets
 R - 4 throwing nets
Armour
 o - the -2 pair of gloves of Classification (worn) {rElec Regen+ rCorr Dex-5}
   (You found it in a treasure trove)

   It affects your dexterity (-5).
   It insulates you from electricity.
   It increases your rate of regeneration.
   It provides partial protection from all sources of acid and corrosion.
 y - the +2 pair of boots of the Assassin (worn) {Detection Stab+ Stlth++}
   (You found it in a treasure trove)

   It makes you much more stealthy.
 D - a +2 buckler of fire resistance (worn)
 U - the +0 crystal plate armour of Wek Vyix (worn) {rCorr}
   (You found it in a treasure trove)

   It provides partial protection from all sources of acid and corrosion.
 V - a scarf of spirit shield (worn)
Jewellery
 e - the ring "Irruint" (left hand) {Int+4 Stlth+}
   (You found it on level 6 of the Lair of Beasts)

   [ring of intelligence]

   It affects your intelligence (+4).
   It makes you more stealthy.
 F - the ring "Oloywiq" (right hand) {rElec rF+ rN+ Dex+4 Slay+2}
   (You found it on level 5 of the Lair of Beasts)

   [ring of dexterity]

   It affects your dexterity (+4).
   It affects your accuracy and damage with ranged weapons and melee attacks
   (+2).
   It protects you from fire.
   It insulates you from electricity.
   It protects you from negative energy.
 T - a +3 amulet of reflection (around neck)
Wands
 f - a wand of flame (66)
 g - a wand of digging (7)
 W - a wand of paralysis (31)
 X - a wand of disintegration (46)
 Y - a wand of polymorph (17)
Scrolls
 d - 4 scrolls of magic mapping
 k - 14 scrolls of remove curse
 m - 6 scrolls of fog
 p - 7 scrolls of enchant weapon
 q - 8 scrolls of teleportation
 r - 6 scrolls of fear
 u - 2 scrolls of immolation {unknown}
 v - 2 scrolls of blinking
 x - a scroll of noise {unknown}
 C - a scroll of acquirement {unknown}
 E - 3 scrolls of summoning {unknown}
 G - a scroll of vulnerability {unknown}
 I - 2 scrolls of enchant armour {unknown}
 K - a scroll of brand weapon {unknown}
 N - 3 scrolls of identify
 P - a scroll of torment {unknown}
Potions
 h - 9 potions of curing
 i - a potion of magic {unknown}
 j - 3 potions of invisibility
 l - 13 potions of flight
 n - 3 potions of resistance {unknown}
 s - 8 potions of haste
 t - 2 potions of cancellation {unknown}
 w - 3 potions of heal wounds
 z - a potion of brilliance
 J - 6 potions of agility
 L - 5 potions of lignification {unknown}
 O - a potion of berserk rage {unknown}
 S - 4 potions of might {unknown}
 Z - 2 potions of ambrosia {unknown}
Comestibles
 c - 47 rations
 H - 13 chunks of flesh


   Skills:
 + Level 16.3 Fighting
 + Level 19.3(19.4) Axes
   Level 3.9(13.6) Maces & Flails
 + Level 6.8(7.5) Slings
 + Level 4.1(5.8) Throwing
 * Level 17.4 Armour
 + Level 4.3 Dodging
 - Level 13.2 Shields


You had 15 spell levels left.
You didn't know any spells.
Your spell library was empty.

Dungeon Overview and Level Annotations

Branches:
Dungeon (15/15)            Temple (1/1) D:4            Lair (6/6) D:9
 Shoals (3/4) Lair:2        Snake (0/4) Lair:2        Slime (0/5) Lair:5
    Orc (2/2) D:10            Elf (0/3) Orc:2        Vaults (0/5) D:13
 Depths (0/5) D:15

Altars:
Ashenzari
Cheibriados
Dithmenos
Elyvilon
Fedhas
Gozag
Hepliaklqana
Kikubaaqudgha
Makhleb
Nemelex Xobeh
Okawaru
Qazlal
Ru
Sif Muna
Trog
Uskayaw
Vehumet
Wu Jian
Xom
Yredelemnul
Zin
The Shining One
Jiyva

Shops:
D:5 (   D:7 *((*   D:9 *   D:13 :   D:14 :=   Orc:2 *[}%   Shoals:3 !

Annotations:
D:4 1 runed translucent door, Despondentz's ghost, amateur DDFi


Innate Abilities, Weirdness & Mutations

You reflexively headbutt those who attack you in melee.
You have a pair of horns on your head.


Message History

The faun hits you with a +0 spear.
* * * LOW HITPOINT WARNING * * *
The faun hits you with a +0 spear!
* * * LOW HITPOINT WARNING * * *
You're too confused!
The faun no longer looks unusually strong.
The faun hits you from afar with a +0 spear!
* * * LOW HITPOINT WARNING * * *
The faun hits you from afar with a +0 spear.
* * * LOW HITPOINT WARNING * * *
The faun closely misses you.
You feel less confused.
The faun unwields a +0 hunting sling.
The faun wields a +0 club.
The faun hits you with a +0 club!
* * * LOW HITPOINT WARNING * * *
The faun hits you from afar with a +0 spear!
* * * LOW HITPOINT WARNING * * *
The faun hits you but does no damage.
The faun hits you with a +0 quarterstaff.
You die...

...≈.....≈≈≈≈≈≈≈...P≈P≈≈
≈≈≈≈≈≈≈
...≈....≈≈≈≈≈≈≈≈PPP.P≈≈≈≈
≈≈≈≈≈≈.
≈......≈≈≈≈...........≈≈≈
≈≈≈≈≈P.
≈≈..............[.P...≈≈≈
≈≈≈.≈.# ≈≈≈≈≈....[..≈≈(##
.....≈≈ ≈≈≈≈..
≈≈≈≈..≈..##(≈≈.(##..≈≈≈≈≈
≈≈≈..P
≈≈≈≈..≈...#..(≈.....≈≈≈≈≈
≈≈≈≈≈≈≈≈...P.(....c..≈≈≈≈
≈≈..≈≈≈P........@cc).≈≈≈(
.≈≈..≈≈≈≈.≈≈.P.>#c(.≈(≈≈≈
..≈≈.≈≈≈≈PPPP.(...$≈≈≈≈≈≈
≈≈....P≈≈≈≈≈≈P...≈≈≈≈≈≈≈
....P≈≈≈≈≈P..≈≈≈≈≈≈≈
..≈P.≈P≈≈≈≈≈≈≈≈≈≈≈≈≈
...≈P≈≈≈≈≈≈≈≈≈≈≈≈≈≈
..≈≈≈≈≈≈≈≈≈≈≈≈≈≈≈≈


You could see 4 fauns.

Vanquished Creatures
  Ilsuiw (Shoals:2)
  2 entropy weavers (Lair:6)
  Nessos (Lair:4)
  The ghost of Omanopn the Cleaver, a journeyman HOFi of Beogh (Lair:5)
  5 dire elephants (Lair:6)
  The ghost of Spazmo the Scorcher, a journeyman DEFE of Vehumet (Lair:5)
  4 merfolk impalers
  Erolcha (D:13)
  2 ice dragons (D:15)
  4 vault guards (D:13)
  3 merfolk avatars
  An anaconda (Lair:6)
  7 hydras
  6 two-headed ogres
  A death knight (D:14)
  5 centaur warriors
  A tengu warrior (D:10)
  A queen ant (Lair:6)
  3 satyrs
  An ogre mage (D:15)
  3 orc high priests (Orc:2)
  A skeletal warrior (D:14)
  9 sea snakes
  2 wizards
  An unseen horror (D:14)
  4 orc knights (Orc:2)
  Pikel (D:4)
  15 harpies
  12 ugly things
  2 oklob plants
  8 fauns
  5 orc sorcerers (Orc:2)
  7 cyclopes
  9 manticores
  21 elephants
  5 black mambas
  8 merfolk sirens
  9 spiny frogs
  5 rime drakes
  A gargoyle (D:15)
  9 centaur skeletons
  10 komodo dragons
  2 kobold demonologists
  A redback zombie (D:15)
  A freezing wraith (D:14)
  A tengu conjurer (D:10)
  8 trolls
  23 merfolk
  3 wind drakes
  9 blink frogs
  6 hippogriffs
  14 dream sheep (Lair:6)
  Prince Ribbit (D:7)
  8 slime creatures
  2 meliai zombies
  Grinder (D:3)
  2 shadows
  4 snapping turtles
  5 water elementals
  6 wyverns
  Sigmund (D:4)
  A vampire (D:15)
  2 wraiths
  27 yaks
  2 basilisks
  A steam dragon (Lair:4)
  Grum (D:11)
  Edmund (D:4)
  A harpy simulacrum (D:15)
  18 soldier ants
  6 nagas (Lair:2)
  2 acid dragons (D:15)
  13 water moccasins
  6 porcupines
  2 black bears
  4 ice beasts
  16 orc warriors
  6 sky beasts
  2 slaves (D:4)
  2 phantoms
  2 eyes of draining (D:15)
  8 ogres
  14 wolves
  17 centaurs
  4 crocodiles
  2 big kobolds
  A gnoll sergeant (D:7)
  13 bullfrogs
  2 wyvern skeletons
  A killer bee (D:8)
  4 scorpions
  9 howler monkeys
  An electric eel (Lair:2)
  9 crimson imps
  A quasit (D:9)
  10 hounds
  13 jellies
  2 centaur zombies
  4 bullfrog skeletons
  9 orc priests
  13 orc wizards
  Jessica (D:2)
  26 worker ants
  7 iguanas
  A killer bee zombie (D:7)
  2 hound zombies
  A hound skeleton (D:7)
  12 gnolls
  2 worker ant zombies
  16 adders
  A howler monkey skeleton (D:4)
  5 shadow imps
  12 oozes
  An adder zombie (D:5)
  An adder skeleton (D:6)
  2 worms
  2 dart slugs (D:2)
  A leopard gecko (D:7)
  50 orcs
  A ball python (D:2)
  4 bats (D:1)
  5 giant cockroaches
  6 goblins
  10 hobgoblins
  6 jackals
  6 kobolds
  2 quokkas
  4 frilled lizards
  2 quokka zombies (D:6)
  10 rats
  2 fungi
  16 plants
765 creatures vanquished.

Vanquished Creatures (collateral kills)
  A scorpion (D:7)
1 creature vanquished.

Vanquished Creatures (others)
  A centaur warrior (D:15)
  An ogre (D:7)
  2 centaurs
  A crimson imp (D:4)
  An orc priest (Orc:2)
  An orc wizard (D:5)
  8 fungi
  4 plants
  A withered plant (D:4)
20 creatures vanquished.

Grand Total: 786 creatures vanquished

Notes
Turn   | Place    | Note
-------+----------+-------------------------------------------
     0 | D:1      | Astral24 the Minotaur Berserker began the quest for the
                  | Orb.
     0 | D:1      | Reached XP level 1. HP: 19/19 MP: 0/0
   298 | D:1      | Reached skill level 4 in Axes
   327 | D:1      | Reached XP level 2. HP: 25/27 MP: 1/1
   507 | D:1      | Reached ** piety under Trog
   895 | D:2      | Reached XP level 3. HP: 33/33 MP: 2/2
   907 | D:1      | Reached skill level 5 in Axes
   907 | D:1      | Reached XP level 4. HP: 9/41 MP: 3/3
  1504 | D:2      | Found a snail-covered altar of Cheibriados.
  1621 | D:2      | Found a white marble altar of Elyvilon.
  1682 | D:2      | Noticed Jessica
  1691 | D:2      | Killed Jessica
  1691 | D:2      | Reached skill level 1 in Shields
  1691 | D:2      | Reached XP level 5. HP: 47/47 MP: 4/4
  2118 | D:3      | Noticed Grinder
  2120 | D:3      | Paralysed by Grinder for 7 turns
  2218 | D:3      | Reached skill level 1 in Slings
  2503 | D:3      | Killed Grinder
  2503 | D:3      | Reached skill level 6 in Axes
  2503 | D:3      | Reached XP level 6. HP: 55/55 MP: 5/5
  2590 | D:4      | Found a staircase to the Ecumenical Temple.
  2590 | D:4      | Noticed Edmund
  2595 | D:4      | Killed Edmund
  2595 | D:4      | Reached skill level 5 in Fighting
  2595 | D:4      | Reached XP level 7. HP: 61/61 MP: 6/6
  2616 | Temple   | Entered the Ecumenical Temple
  2817 | D:4      | Found a hide-covered altar of Uskayaw.
  2978 | D:4      | Found a runed translucent door.
  2979 | D:4      | Noticed Despondentz's ghost (amateur DDFi)
  3051 | D:4      | Noticed Sigmund
  3053 | D:4      | Noticed Pikel
  3068 | D:4      | Killed Sigmund
  3068 | D:4      | Reached skill level 7 in Axes
  3073 | D:4      | Killed Pikel
  3073 | D:4      | Reached skill level 8 in Axes
  3073 | D:4      | Reached skill level 5 in Armour
  3073 | D:4      | Reached XP level 8. HP: 70/70 MP: 7/7
  3147 | D:4      | Reached skill level 9 in Axes
  3199 | D:4      | Found a shimmering altar of Xom.
  3202 | D:4      | Found a burning altar of Makhleb.
  3534 | D:5      | Entered Level 5 of the Dungeon
  3645 | D:5      | Found a shadowy altar of Dithmenos.
  3729 | D:5      | Found Wanaov's Weapon Shop.
  3776 | D:5      | Found a blossoming altar of Fedhas.
  3956 | D:5      | Reached *** piety under Trog
  4046 | D:5      | Found a bloodstained altar of Trog.
  4046 | D:5      | Found a blossoming altar of Fedhas.
  4054 | D:5      | Got a shimmering robe
  4354 | D:5      | Reached skill level 10 in Axes
  4567 | D:6      | Reached skill level 1 in Throwing
  4788 | D:6      | Found a shattered altar of Ashenzari.
  4788 | D:6      | Found a faded altar of an unknown god.
  4798 | D:6      | Found a glowing silver altar of Zin.
  4800 | D:6      | Found a faded altar of an unknown god.
  4801 | D:6      | Found a sparkling altar of Nemelex Xobeh.
  4835 | D:6      | Reached XP level 9. HP: 69/75 MP: 8/8
  5326 | D:6      | Found a deep blue altar of Sif Muna.
  5412 | D:7      | Received a gift from Trog
  5414 | D:7      | Reached skill level 11 in Axes
  5628 | D:7      | Found Witelouj's Assorted Antiques.
  5691 | D:7      | Found Ofakkisch's Weapon Shop.
  5720 | D:7      | Noticed Prince Ribbit
  5730 | D:7      | Killed Prince Ribbit
  5730 | D:7      | Reached skill level 5 in Shields
  5740 | D:7      | Reached **** piety under Trog
  5762 | D:7      | Found Puhecesi's General Store.
  5823 | D:7      | Reached skill level 12 in Axes
  6000 | D:7      | Found Mirruunt's Weapon Shoppe.
  6196 | D:7      | Identified the +1 robe of Recklessness {rPois Str-3 Dex+5}
                  | (You found it on level 5 of the Dungeon)
  6389 | D:8      | Found a basalt altar of Yredelemnul.
  6398 | D:8      | Reached XP level 10. HP: 80/84 MP: 9/9
  6560 | D:8      | Got a slimy leather armour
  6579 | D:8      | Identified the +1 leather armour of Bedevilment {rCorr MP+9
                  | Str-2} (You found it on level 8 of the Dungeon)
  7665 | D:9      | Found Muilu's Assorted Antiques.
  7858 | D:9      | Reached skill level 13 in Axes
  8007 | D:9      | Found a staircase to the Lair.
  8524 | D:10     | Entered Level 10 of the Dungeon
  8870 | D:10     | Found an ancient bone altar of Kikubaaqudgha.
  8926 | D:10     | Found a staircase to the Orcish Mines.
  8926 | D:10     | Noticed a brown ugly thing
  8939 | D:10     | Killed a brown ugly thing
  8991 | D:10     | Noticed a tengu warrior
  9013 | D:10     | Killed a tengu warrior
  9013 | D:10     | Reached skill level 14 in Axes
  9013 | D:10     | Reached XP level 11. HP: 95/95 MP: 10/10
  9483 | D:11     | Noticed a five-headed hydra
  9486 | D:11     | Reached ***** piety under Trog
  9500 | D:11     | Killed a five-headed hydra
  9560 | D:11     | Received a gift from Trog
  9584 | D:11     | Got a polished hunting sling {god gift}
  9590 | D:11     | Identified the +7 hunting sling "Itsiboph" {flame, Int+3}
                  | (Trog gifted it to you on level 11 of the Dungeon)
  9795 | D:11     | Noticed Grum
  9803 | D:11     | Reached skill level 1 in Maces & Flails
  9807 | D:11     | Killed Grum
  9837 | D:11     | Noticed a two-headed ogre
  9854 | D:11     | Killed a two-headed ogre
  9939 | D:11     | Noticed a soul eater
 10371 | D:12     | Found a portal to a secret trove of treasure.
 10408 | Trove    | Entered a treasure trove
 10415 | Trove    | Got a translucent crystal plate armour
 10439 | Trove    | Identified the +0 crystal plate armour of Wek Vyix {rCorr}
                  | (You found it in a treasure trove)
 10456 | Trove    | Got a pair of twisted gloves
 10467 | Trove    | Identified the -2 pair of gloves of Classification {rElec
                  | Regen+ rCorr Dex-5} (You found it in a treasure trove)
 10482 | Trove    | Found the +2 pair of boots of the Assassin {Detection Stab+
                  | Stlth++}
 11049 | D:12     | Reached XP level 12. HP: 106/106 MP: 9/11
 11137 | D:12     | Reached skill level 15 in Axes
 11293 | Lair:1   | Entered Level 1 of the Lair of Beasts
 11322 | Lair:1   | Reached skill level 10 in Armour
 11504 | Lair:1   | Reached skill level 10 in Fighting
 11517 | Lair:1   | Noticed a six-headed hydra
 11532 | Lair:1   | Killed a six-headed hydra
 11555 | Lair:1   | Noticed a four-headed hydra
 11877 | Lair:1   | Killed a four-headed hydra
 12608 | Lair:2   | Found a staircase to the Shoals.
 12641 | Lair:2   | Reached * piety under Trog
 12817 | Lair:2   | Found a staircase to the Snake Pit.
 13360 | Lair:3   | Got a warped war axe
 13361 | Lair:3   | Lost intelligence.
 13361 | Lair:3   | Identified the +4 war axe of Dosesch {speed, +Fly rC+ Int-4
                  | Dex+2} (You found it on level 3 of the Lair of Beasts)
 13535 | Lair:3   | Reached skill level 10 in Shields
 13868 | Lair:3   | Reached skill level 16 in Axes
 14083 | Lair:4   | Noticed Nessos
 14103 | Lair:4   | Killed Nessos
 14103 | Lair:4   | Reached XP level 13. HP: 116/116 MP: 12/12
 15093 | Lair:5   | Found a runed translucent gate.
 15095 | Lair:5   | Found a runed translucent gate.
 15096 | Lair:5   | Found a runed translucent gate.
 15097 | Lair:5   | Noticed Spazmo's ghost (journeyman DEFE)
 15097 | Lair:5   | Noticed Omanopn's ghost (journeyman HOFi)
 15123 | Lair:5   | Killed Omanopn's ghost
 15131 | Lair:5   | Killed Spazmo's ghost
 15141 | Lair:5   | Got a glittering ivory ring
 15143 | Lair:5   | Identified the ring "Oloywiq" {rElec rF+ rN+ Dex+4 Slay+2}
                  | (You found it on level 5 of the Lair of Beasts)
 15334 | Lair:5   | Found a staircase to the Slime Pits.
 15334 | Lair:5   | Found a viscous altar of Jiyva.
 15920 | Lair:6   | Entered Level 6 of the Lair of Beasts
 16645 | Lair:6   | Noticed an entropy weaver
 16655 | Lair:6   | Killed an entropy weaver
 16655 | Lair:6   | Reached XP level 14. HP: 127/127 MP: 13/13
 16656 | Lair:6   | Noticed an entropy weaver
 16669 | Lair:6   | Reached skill level 5 in Slings
 16689 | Lair:6   | Reached skill level 17 in Axes
 16707 | Lair:6   | Killed an entropy weaver
 17289 | Lair:6   | Got a twitching lapis lazuli ring
 17292 | Lair:6   | Identified the ring "Irruint" {Int+4 Stlth+} (You found it
                  | on level 6 of the Lair of Beasts)
 17784 | D:13     | Found Geuruar's Book Emporium.
 18016 | D:13     | Noticed Erolcha
 18028 | D:13     | Killed Erolcha
 18268 | D:13     | Found a gate to the Vaults.
 18292 | D:13     | Received a gift from Trog
 18599 | D:14     | Found Juehano's Book Shoppe.
 18609 | D:14     | You fall into a shaft and drop 1 floor!
 18609 | D:15     | Entered Level 15 of the Dungeon
 18720 | D:15     | Received a gift from Trog
 18864 | D:14     | Reached XP level 15. HP: 137/137 MP: 14/14
 18872 | D:14     | Found Fuuqyib's Jewellery Shop.
 19415 | Orc:1    | Entered Level 1 of the Orcish Mines
 19428 | Orc:1    | Received a gift from Trog
 19470 | Orc:2    | Entered Level 2 of the Orcish Mines
 19821 | Orc:2    | Found a staircase to the Elven Halls.
 19911 | Orc:2    | Found Itoczip's General Store.
 19920 | Orc:2    | Reached skill level 15 in Armour
 19956 | Orc:2    | Received a gift from Trog
 19965 | Orc:2    | Reached skill level 18 in Axes
 20052 | Orc:2    | Found Waedwot Zuoh's Gadget Shoppe.
 20070 | Orc:2    | Found Efushew's Food Shoppe.
 20083 | Orc:2    | Found Keenuq's Antique Armour Boutique.
 20091 | Orc:2    | Bought a pair of embroidered gloves for 202 gold pieces
 20980 | D:15     | Found a staircase to the Depths.
 21282 | Shoals:1 | Entered Level 1 of the Shoals
 21290 | Shoals:1 | Reached skill level 15 in Fighting
 21297 | Shoals:1 | Received a gift from Trog
 21397 | Shoals:1 | Reached ****** piety under Trog
 22083 | Shoals:1 | Reached XP level 16. HP: 149/149 MP: 15/15
 22809 | Shoals:2 | Noticed Ilsuiw
 22848 | Shoals:2 | Killed Ilsuiw
 22911 | Shoals:2 | Reached skill level 19 in Axes
 22916 | Shoals:2 | Received a gift from Trog
 22968 | Shoals:2 | Found a white marble altar of Elyvilon.
 23289 | Shoals:3 | Found Ogymnuam's Distillery.
 23345 | Shoals:3 | Received a gift from Trog
 23830 | Shoals:3 | HP: 2/151 [faun/+0 spear[a satyr] (8)]
 23830 | Shoals:3 | Slain by a faun

Levels and vault maps discovered:
D:1:      wander_arrival_desolate, layout_basic
D:2:      layout_rooms, elyvilon_altar_3, kennysheep_slug_shrine, uniq_jessica
D:3:      layout_basic, first_ration, serial_bayou_ford_a, uniq_grinder
D:4:      layout_loops_ring, grunt_temple_overflow_champion_of_chaos,
          lemuel_doored_altar, minmay_temple_entry_hall, gammafunk_ghost_grave,
          kennysheep_boxes, uniq_sigmund, uniq_pikel, uniq_edmund
D:5:      layout_basic, grunt_dithmenos_smoke_and_mirrors,
          grunt_temple_overflow_open, serial_shops, shop,
          hangedman_decor_riveting, chequers_avenue, fedhas_altar_2
D:6:      layout_gridville, chequers_temple_overflow_minitemple,
          lemuel_blue_sif_altar
D:7:      layout_rooms, serial_shops, shop, shop, shop, kennysheep_mini_moat,
          uniq_prince_ribbit1
D:8:      kennysheep_ambush_hall, layout_layer_cave, basic_altar
D:9:      layout_grid_maze, lair_entry_dummy, serial_shops, shop
D:10:     layout_roguey, basic_altar, blue_anna_alchemist
          [blue_anna_fruit_fields, blue_anna_fruit_fields], serial_bayou_pond_a
D:11:     layout_basic, ebering_dispersal_statue_hall, uniq_grum
D:12:     layout_rooms, enter_trove_1, serial_park_tiny_2
D:13:     layout_basic, lightli_vaults_fourway_checkpoint, serial_shops, shop,
          uniq_erolcha
D:14:     layout_basic, serial_shops, shop_fountains, shop_fountains,
          kennysheep_cross_bottleneck, drop_trap, small_statue_intersection
D:15:     grunt_enter_depths_hoard, layout_long_grid, minmay_fountain_box
Temple:   chequers_temple_sunken
Lair:1:   layout_regular_city
Lair:2:   layout_regular_city, minmay_shoals_entry_centaurs,
          minmay_snake_entry_guardpost_large, nicolae_quartered_pool_super,
          st_stairs_12, infiniplex_staircase_pool_2
Lair:3:   lemuel_slime, layout_cave_shapes
Lair:4:   layout_regular_city, st_stairs_13, uniq_nessos
Lair:5:   layout_cave_pods, slime_altar_1, gammafunk_ghost_cemetery
Lair:6:   due_jungle_book, layout_loops_ring, zaba_antful_of_joy
Shoals:1: layout_shoals, hangedman_shoals_cup_caves
Shoals:2: layout_shoals, lemuel_oklob_altar, uniq_ilsuiw
Shoals:3: layout_shoals, serial_shops, nicolae_shop_trees
Orc:1:    layout_diamond_mine, nicolae_alphabet_shops, roderic_batcave
Orc:2:    st_orc_elflike, layout_caves, nicolae_orc_tapped_out

Skill      XL: |  1  2  3  4  5  6  7  8  9 10 11 12 13 14 15 16 |
---------------+-------------------------------------------------+-----
Axes           | 4 5 6 8 10 12 14 16 17 18 19 | 19.3
Fighting       | 4 5 6 8 9 11 12 13 15 16 | 16.3
Dodging        | 3 4 |  4.3
Shields        | 1 2 4 5 7 8 10 11 13 | 13.2
Armour         | 3 4 5 6 7 9 11 13 14 16 17 | 17.4
Slings         | 2 3 4 5 6 |  6.8
Throwing       | 1 2 3 4 |  4.1
Maces & Flails | 2 3 |  3.9

Action                   |  1- 3 |  4- 6 |  7- 9 | 10-12 | 13-15 | 16-18 || total
-------------------------+-------+-------+-------+-------+-------+-------++-------
Melee: Hand axe          |    68 |    69 |   286 |   733 |   407 |       ||  1563
       Headbutt          |     8 |    16 |    81 |   221 |   321 |    84 ||   731
       Whip              |       |       |       |    28 |       |       ||    28
       War axe           |       |       |       |       |   678 |   314 ||   992
 Fire: Hunting sling     |       |    23 |     6 |    11 |    69 |    13 ||   122
Throw: Stone             |       |     9 |     1 |     7 |       |       ||    17
       Dart              |       |       |    13 |     2 |       |       ||    15
       Boomerang         |       |       |     6 |       |       |       ||     6
       Javelin           |       |       |     2 |    17 |     3 |     3 ||    25
Invok: Berserk           |       |     2 |     4 |     6 |    11 |     2 ||    25
       Trog's Hand       |       |     1 |     1 |     1 |     3 |     1 ||     7
 Abil: Evoke Flight      |       |       |       |       |     1 |     1 ||     2
  Use: Scroll            |       |     5 |       |     9 |     4 |       ||    18
       Potion            |       |       |       |       |     1 |     1 ||     2
 Stab: Held in net/web   |       |       |       |       |       |     1 ||     1
  Eat: Chunk             |       |     6 |    14 |    29 |    35 |     9 ||    93
       Ration            |       |       |     1 |       |     1 |       ||     2
Armor: Animal skin       |     8 |       |       |       |       |       ||     8
       Ring mail         |    12 |    18 |       |       |       |       ||    30
       Chain mail        |       |       |    63 |    33 |       |       ||    96
       Plate armour      |       |       |       |    76 |       |       ||    76
       Crystal plate arm |       |       |       |   209 |   440 |   169 ||   818
Dodge: Dodged            |    41 |    21 |    61 |   139 |   155 |    67 ||   484
Block: Shield            |    14 |    34 |   135 |   133 |       |       ||   316
       Buckler           |       |       |       |   127 |   346 |   157 ||   630
       Reflection        |       |       |       |     1 |    27 |    18 ||    46

Table legend:
 A = Non-vault XP
 B = Vault XP
 C = Vault XP percentage of total XP
 D = Non-vault monster count
 E = Vault monster count
 F = Vault count percentage of total count
                 A         B        C        D         E       F
            +---------+---------+-------+---------+---------+-------
      Total |  141091 |   49016 |  25.8 |     601 |     149 |  19.9
            +---------+---------+-------+---------+---------+-------
        D:1 |      94 |       0 |   0.0 |      26 |       0 |   0.0
        D:2 |     101 |      41 |  28.9 |      20 |       2 |   9.1
        D:3 |      87 |     249 |  74.1 |       9 |       1 |  10.0
        D:4 |     249 |    1015 |  80.3 |       8 |       3 |  27.3
        D:5 |     619 |       0 |   0.0 |      26 |       0 |   0.0
        D:6 |    1189 |       0 |   0.0 |      25 |       0 |   0.0
        D:7 |    1297 |     259 |  16.6 |      34 |       1 |   2.9
        D:8 |     966 |     329 |  25.4 |      12 |       6 |  33.3
        D:9 |    1309 |       0 |   0.0 |      19 |       0 |   0.0
       D:10 |    3757 |      95 |   2.5 |      21 |       1 |   4.5
       D:11 |    4964 |     613 |  11.0 |      30 |       5 |  14.3
       D:12 |    4790 |       0 |   0.0 |      26 |       0 |   0.0
       D:13 |    7251 |    7781 |  51.8 |      28 |      13 |  31.7
       D:14 |    8455 |       0 |   0.0 |      29 |       0 |   0.0
       D:15 |   20165 |    1988 |   9.0 |      50 |       2 |   3.8
     Lair:1 |    6251 |       0 |   0.0 |      19 |       0 |   0.0
     Lair:2 |    3591 |    1204 |  25.1 |      19 |       8 |  29.6
     Lair:3 |    3037 |    1013 |  25.0 |      13 |      20 |  60.6
     Lair:4 |    5298 |    1334 |  20.1 |      20 |       1 |   4.8
     Lair:5 |    3272 |    2474 |  43.1 |      10 |       2 |  16.7
     Lair:6 |   21235 |    9918 |  31.8 |      51 |      41 |  44.6
   Shoals:1 |   14069 |    7838 |  35.8 |      29 |      12 |  29.3
   Shoals:2 |   13143 |    4441 |  25.3 |      25 |       7 |  21.9
   Shoals:3 |   13962 |       0 |   0.0 |      29 |       0 |   0.0
      Orc:1 |     238 |       0 |   0.0 |       2 |       0 |   0.0
      Orc:2 |    1702 |    8424 |  83.2 |      21 |      24 |  53.3
            +---------+---------+-------+---------+---------+-------
